 Dungeon Crawl Stone Soup version 0.28.0-45-g0d030f2227 (webtiles) character file.

Game seed: 9725985006335439961

4809 NinjaNoafa the Vandal (level 10, -3/99 HPs)
             Began as a Minotaur Fighter on Apr 15, 2022.
             Was a Believer of Ashenzari.
             Killed by divine providence
             ... invoked by an orc priest
              (8 damage)
             ... on level 8 of the Dungeon.
             The game lasted 00:36:05 (9460 turns).

NinjaNoafa the Vandal (Minotaur Fighter)            Turns: 9460, Time: 00:36:06

Health: -3/99      AC: 14    Str: 22    XL:     10   Next: 24%
Magic:  0/16       EV: 12    Int:  9    God:    Ashenzari [**....]
Gold:   237        SH:  5    Dex: 11    Spells: 17/18 levels left

rFire   . . .      SeeInvis +   j - +4 spear "Ruined Rationality" {flame, Cun, Range} (curse)
rCold   . . .      Faith    .   c - +0 buckler of Star-Bound Wisdom {Self, Fort} (curse)
rNeg    . . .      Spirit   +   O - +4 ring mail "Lashed Together" {Bglg, Self} (curse)
rPois   .          Reflect  .   (helmet currently unavailable)
rElec   .          Harm     .   T - +0 cloak
rCorr   .          Rampage  .   g - +1 pair of gloves
Will    .....                   (boots currently unavailable)
Stlth   +.........              G - amulet of guardian spirit
HPRegen 0.26/turn               F - ring of see invisible
MPRegen 0.15/turn               E - ring of wizardry

@: lethally poisoned (-3 -> -6), appendages, studying Slings
A: talons 2, horns 2, retaliatory headbutt, clever 1, robust 1
a: End Transformation, Renounce Religion, Shatter the Chains


You were on level 8 of the Dungeon.
You worshipped Ashenzari.
Ashenzari was pleased with you.
You had temporarily grown beastly talons.
You visited 1 branch of the dungeon, and saw 8 of its levels.
You also visited: Ossuary.

You collected 605 gold pieces.
You spent 368 gold pieces at shops.

Inventory:

Hand Weapons
 e - a +0 hunting sling
 j - the cursed +4 spear "Ruined Rationality" (weapon) {flame, Cun, Range}
   (You took it off a gnoll sergeant on level 7 of the Dungeon)

   It burns those it strikes, dealing additional fire damage.
   It has a curse which improves the following skills: Cunning: Dodging and
   Stealth.
   Ranged Combat: Slings, Bows, Crossbows and Throwing.
 l - a +0 flail of draining
 o - a +2 spectral club
 r - a +3 vorpal flail
 B - a +2 dagger of protection
 J - a +1 flail of holy wrath
 Q - a +0 great mace of venom
Missiles
 f - a javelin
 h - 243 stones
 y - 10 boomerangs
 D - 2 throwing nets
 N - 2 curare-tipped darts (quivered)
Armour
 b - a +0 scale mail
 c - the cursed +0 buckler of Star-Bound Wisdom (worn) {Self, Fort}

   It has a curse which improves the following skills: Introspection: Fighting
   and Spellcasting.
   Fortitude: Armour and Shields.
 d - a +0 leather armour of poison resistance
 g - a +1 pair of gloves (worn)
 I - the +0 ring mail of Olurphu {Regen+ SInv}
   (You found it on level 5 of the Dungeon)

   SInv:      It lets you see invisible.
   Regen:     It increases your rate of health regeneration.
 O - the cursed +4 ring mail "Lashed Together" (worn) {Bglg, Self}
   (You found it on level 5 of the Dungeon)

   It has a curse which improves the following skills: Beguiling: Conjurations,
   Hexes and Translocations.
   Introspection: Fighting and Spellcasting.
 T - a +0 cloak (worn)
 U - a +0 pair of boots (melded)
Magical Staves
 n - a staff of conjuration
 H - a staff of cold
Jewellery
 p - a ring of poison resistance
 u - a ring of see invisible
 C - a ring of protection from cold
 E - a ring of wizardry (right hand)
 F - a ring of see invisible (left hand)
 G - an amulet of guardian spirit (around neck)
 R - a ring of willpower
Wands
 m - a wand of digging (2)
 q - a wand of polymorph (17)
 w - a wand of iceblast (11)
 K - a wand of acid (13)
Scrolls
 a - 2 scrolls of identify
 i - 2 scrolls of amnesia
 v - 2 scrolls of noise
Potions
 t - a potion of mutation
 z - a potion of attraction


   Skills:
 - Level 6.6(8.6) Fighting
 - Level 2.7 Long Blades
 - Level 7.0 Maces & Flails
 + Level 3.9 Polearms
 - Level 7.0(8.2) Slings
 - Level 6.5(7.8) Armour
 - Level 3.8(5.0) Dodging
 - Level 6.6(7.8) Shields
 - Level 3.1(4.8) Spellcasting
 - Level 2.7(3.8) Hexes
 - Level 3.7(4.8) Translocations
 - Level 2.4 Transmutations


You had 17 spell levels left.
You knew the following spells:

 Your Spells              Type           Power      Damage    Failure   Level
b - Beastly Appendage     Tmut           12%        N/A       7%          1

Your spell library contained the following spells:

 Spells                   Type           Power      Damage    Failure   Level
 Blink                    Tloc           20%        N/A       4%          2
 Gell's Gravitas          Tloc           10%        N/A       8%          3
 Lesser Beckoning         Tloc           10%        N/A       8%          3
 Teleport Other           Tloc           10%        N/A       8%          3
 Wereblood                Tmut           6%         N/A       11%         2
 Tukima's Dance           Hex            9%         N/A       12%         3
 Passage of Golubria      Tloc           10%        N/A       24%         4
 Spider Form              Tmut/Pois      4%         N/A       32%         3
 Frozen Ramparts          Ice            4%         1d2       45%         3
 Manifold Assault         Tloc           10%        N/A       52%         5
 Ice Form                 Ice/Tmut       4%         N/A       69%         4
 Yara's Violent Unravell  Hex/Tmut       3%         3d4       77%         5
 Airstrike                Air            1%         N/A       86%         4
 Summon Ice Beast         Ice/Summ       2%         N/A       86%         4
 Summon Lightning Spire   Summ/Air       2%         N/A       86%         4
 Alistair's Intoxication  Tmut/Pois      2%         N/A       95%         5
 Borgnjor's Vile Clutch   Necr/Erth      1%         N/A       99%         5
 Lightning Bolt           Conj/Air       1%         1d12      99%         5
 Eringya's Noxious Bog    Tmut/Pois      2%         N/A       100%        6
 Storm Form               Tmut/Air       2%         N/A       100%        7


Dungeon Overview and Level Annotations

Branches:
Dungeon (8/15)             Temple (0/1) D:6         Ossuary (visited)
   Lair: D:8-11

Altars:
Ashenzari

Shops:
D:5 *(   D:7 *

Annotations:
D:8 4 runed translucent doors


Innate Abilities, Weirdness & Mutations

You have temporarily grown beastly talons.
You have a pair of horns on your head.
You reflexively headbutt those who attack you in melee.
Your mind is acute. (Int +2)
You are robust. (+10% HP)


Message History

You hit the killer bee but do no damage.
Your headbutt misses the killer bee. The killer bee barely misses you.
You furiously retaliate!
You headbutt the killer bee! The killer bee stings you.
* * * LOW HITPOINT WARNING * * *
You are poisoned.
The killer bee poisons you!
The killer bee stings you but does no damage.
You block the killer bee's attack.
Okay, then.
Okay, then.
Okay, then.
Your +4 spear of flaming glows black for a moment.
Ashenzari will now reveal the unseen.
* * * LOW HITPOINT WARNING * * *
You feel sick. The killer bee closely misses you. You furiously retaliate!
You headbutt the killer bee!
You kill the killer bee!
The killer bee stings you but does no damage.
The killer bee barely misses you. The killer bee misses you.
You furiously retaliate!
You headbutt the killer bee!
Training target 5.0 for Dodging reached!
Forget Blink, freeing 2 spell levels for a total of 17?
Your memory of Blink unravels.
* * * LOW HITPOINT WARNING * * *
You feel sick.
The killer bee stings you but does no damage. x2
The killer bee barely misses you.
The orc priest casts a cantrip, but nothing happens.
The killer bee stings you but does no damage.
Casting: Beastly Appendage (safe; 7% risk of failure)
Confirm with . or Enter, or press ? or * to list all spells.
Your feet morph into talons.
Your +0 pair of boots melds into your body.
You feel sick.
The killer bee stings you but does no damage. x2
You block the killer bee's attack.
The orc priest calls down the wrath of Beogh upon you.
Beogh smites you!
You die...

**,,,,,,,,,*,,,,......##.####.##
*,*******,*,,,,......##((((/(..
***,,,,,,,,,,,,,,........()!(....
,,,,,******,*,,**#.#...#..o......
,,,,,* *,*,,* #.#...........#.
,,,,,* *,#,,* #.#.n##.########
***+***** *,#.,* #.#..o.o#,,,,...
,,,,,,,,*##.#.y###n#.#####.***###
,,,>,,,,,.....yy@yoo........,,***
,,,,,,,,,.....####o#.###....,,,,,
,,,,,,,,*##.*,* #.#.#**,,..,,,,,
***,***** *,*,***#.#..,,,,,,,,,,,
*,* *,*,,,,..####***,,,,,,, *,*
*,*,,**### *,,,,,,, ***,****
*,,,,* *,,,,,,, ,,,,,,,* ***,**
*,,,,,,, ,,,,,,,*
***+*****************,*


You could see a necrophage, 4 killer bees, an orc priest and 2 orcs.

Vanquished Creatures
  A deep elf pyromancer (D:7)
  Sigmund (D:6)
  5 yaks (D:8)
  A water moccasin (D:6)
  An acid dragon (D:6)
  An ice beast (D:5)
  2 black bears
  2 necrophages (D:5)
  2 ogres
  A centaur (D:4)
  2 wolves (D:7)
  2 phantoms
  Blork the orc (D:5)
  2 gnoll sergeants (D:7)
  A bullfrog (D:7)
  A water moccasin zombie (D:5)
  4 scorpions
  2 wyvern skeletons (D:6)
  A water moccasin skeleton (D:4)
  4 killer bees (D:8)
  A bullfrog zombie (D:6)
  A centaur zombie (D:5)
  3 orc priests
  5 hounds
  Crazy Yiuf (D:6)
  A jelly (D:6)
  A bullfrog skeleton (D:6)
  A centaur skeleton (D:7)
  3 gnoll shamans
  4 iguanas
  4 orc wizards
  A scorpion zombie (D:5)
  8 mummies (Ossuary)
  Robin (D:2)
  33 gnolls
  7 adders
  A shadow imp (D:6)
  2 white imps
  3 ufetubi
  An adder skeleton (D:4)
  2 worms (D:3)
  3 dart slugs
  15 orcs
  8 endoplasms
  2 giant cockroaches
  11 goblins
  9 hobgoblins
  A jackal (D:7)
  5 kobolds
  6 quokkas
  7 ball pythons
  8 bats
  3 frilled lizards
  3 hobgoblin zombies (Ossuary)
  2 kobold zombies (Ossuary)
  3 orc zombies (Ossuary)
  5 rats
212 creatures vanquished.

Vanquished Creatures (others)
  2 fungi (D:6)
2 creatures vanquished.

Grand Total: 214 creatures vanquished

Notes
Turn   | Place    | Note
-------+----------+-------------------------------------------
     0 | D:1      | NinjaNoafa the Minotaur Fighter began the quest for the
                  | Orb.
     0 | D:1      | Reached XP level 1. HP: 19/19 MP: 0/0
   100 | D:1      | Reached XP level 2. HP: 21/27 MP: 1/1
   178 | D:1      | Found a faded altar of an unknown god.
   187 | D:1      | Prayed at the altar of an unknown god.
   187 | D:1      | Became a worshipper of Ashenzari the Shackled
   458 | D:1      | Reached XP level 3. HP: 24/32 MP: 2/2
   806 | D:2      | Noticed Robin
   818 | D:2      | Killed Robin
   819 | D:2      | Reached skill level 1 in Maces & Flails
   826 | D:2      | Reached XP level 4. HP: 22/40 MP: 3/3
  1055 | D:2      | Reached XP level 5. HP: 28/47 MP: 4/4
  1691 | D:3      | Reached skill level 5 in Armour
  2473 | D:4      | Reached XP level 6. HP: 32/56 MP: 5/5
  2672 | D:4      | Reached skill level 5 in Shields
  2748 | D:4      | Reached skill level 5 in Fighting
  2815 | D:4      | Reached XP level 7. HP: 44/62 MP: 6/6
  3241 | D:5      | Entered Level 5 of the Dungeon
  3254 | D:5      | Identified the +0 ring mail of Olurphu {Regen+ SInv}
  3276 | D:5      | Found a sand-covered staircase.
  3281 | Ossuary  | Entered an ossuary
  3485 | D:5      | Gained mutation: You have sharp fingernails. [potion of
                  | mutation]
  3485 | D:5      | Gained mutation: You are agile. (Dex +2) [potion of
                  | mutation]
  3486 | D:5      | Lost mutation: You have sharp fingernails. [potion of
                  | mutation]
  3486 | D:5      | Lost mutation: You are agile. (Dex +2) [potion of mutation]
  3486 | D:5      | Gained mutation: You possess an exceptional clarity of
                  | mind. [potion of mutation]
  3486 | D:5      | Gained mutation: You sometimes lose the ability to read
                  | scrolls when taking damage. [potion of mutation]
  3486 | D:5      | Gained mutation: You have a pair of large horns on your
                  | head. [potion of mutation]
  3487 | D:5      | Lost mutation: You sometimes lose the ability to read
                  | scrolls when taking damage. [potion of mutation]
  3487 | D:5      | Lost mutation: You possess an exceptional clarity of mind.
                  | [potion of mutation]
  3487 | D:5      | Lost mutation: You have a pair of large horns on your head.
                  | [potion of mutation]
  3487 | D:5      | Gained mutation: You are robust. (+10% HP) [potion of
                  | mutation]
  3487 | D:5      | Gained mutation: Your mind is acute. (Int +2) [potion of
                  | mutation]
  3554 | D:5      | Reached skill level 5 in Maces & Flails
  3673 | D:5      | Found Ruguox's Assorted Antiques.
  3737 | D:5      | Bought a glowing leather armour for 140 gold pieces
  3758 | D:5      | Noticed Blork the orc
  3772 | D:5      | Killed Blork the orc
  3773 | D:5      | Reached XP level 8. HP: 47/78 MP: 4/7
  3778 | D:5      | Reached skill level 1 in Slings
  4356 | D:5      | Reached skill level 5 in Slings
  4358 | D:5      | Reached skill level 1 in Translocations
  4365 | D:5      | Reached skill level 1 in Spellcasting
  4683 | D:5      | Found Cunoont's Antique Weapon Emporium.
  4695 | D:5      | Bought a runed great mace for 228 gold pieces
  5116 | D:6      | Reached skill level 1 in Hexes
  5318 | D:6      | Noticed Sigmund
  5335 | D:6      | Killed Sigmund
  5363 | D:6      | HP: 3/80 [ogre/+0 giant spiked club (20)]
  5376 | D:6      | Reached XP level 9. HP: 14/86 MP: 1/11
  6207 | D:6      | Noticed an unseen horror
  6315 | D:6      | Found a staircase to the Ecumenical Temple.
  6804 | D:6      | Found a runed translucent door.
  6805 | D:6      | Noticed Crazy Yiuf
  6810 | D:6      | Killed Crazy Yiuf
  6811 | D:6      | Reached skill level 1 in Transmutations
  6845 | D:7      | Reached * piety under Ashenzari
  6969 | D:7      | Found Wioko's Assorted Antiques.
  7210 | D:7      | Noticed a deep elf pyromancer
  7226 | D:7      | Killed a deep elf pyromancer
  8019 | D:7      | Learned a level 2 spell: Blink
  8021 | D:7      | Learned a level 1 spell: Beastly Appendage
  8109 | D:7      | Reached skill level 1 in Dodging
  8548 | D:8      | Found a large runed translucent door.
  8548 | D:8      | Found a large runed translucent door.
  8557 | D:8      | Reached skill level 1 in Polearms
  8557 | D:8      | Reached XP level 10. HP: 46/96 MP: 9/15
  8855 | D:8      | Noticed a two-headed ogre
  8855 | D:8      | Noticed a boulder beetle
  8857 | D:8      | Identified the +2 robe of Wrong Decisions {rC+ Str+4}
  8862 | D:8      | Found a large runed translucent door.
  8862 | D:8      | Found a large runed translucent door.
  8910 | D:8      | Noticed a tengu warrior
  8936 | D:8      | HP: 4/96 [tengu warrior/+0 war axe (16)]
  8977 | D:7      | HP: 1/96 [electric eel/bolt of electricity (11)]
  9458 | D:8      | Reached ** piety under Ashenzari
  9460 | D:8      | Killed from afar by an orc priest

Illustrated notes

Levels and vault maps discovered:
D:1:      moated_graveyard_arrival, layout_basic,
          dreamdust_ecumenical_altar_statues
D:2:      layout_basic, uniq_robin
D:3:      layout_loops_cross, minmay_ruptured
D:4:      layout_loops_cross, minmay_manual_monstrance
D:5:      layout_basic, serial_shops, nicolae_shop_competitors_out_of_business,
          enter_ossuary_5, minmay_crystal_water,
          hangedman_abyss_or_decor_jellyfish_corner, nicolae_stop_n_shop_1,
          uniq_blork_the_orc
D:6:      layout_gridville, minmay_temple_entry_enclosed_plants,
          minmay_divided_ellipse, uniq_crazy_yiuf_cottage, uniq_sigmund
D:7:      layout_cave_pools, serial_gnoll_camp, gnoll_camp_mini_loothouse,
          gnoll_camp_mini_shop, gnoll_camp_huts_moat, gnoll_camp_mini_hut,
          roderic_cross_of_infinity, chequers_serial_rivers_micro_e,
          kennysheep_cluttered_room
D:8:      layout_basic, minmay_hollow_rounded_squares

Skill      XL: |  1  2  3  4  5  6  7  8  9 10 |
---------------+-------------------------------+-----
Armour         | 4 5 6 |  6.5
Shields        | 4 5 6 |  6.6
Fighting       | 4 5 6 |  6.6
Maces & Flails | 1 2 3 4 5 6 7 |  7.0
Slings         | 6 7 |  7.0
Translocations | 2 3 |  3.7
Spellcasting   | 2 3 |  3.1
Hexes          | 1 2 |  2.7
Transmutations | 2 |  2.4
Dodging        | 1 3 |  3.8
Polearms       | 1 3 |  3.9
Long Blades    | |  2.7

Action                   |  1- 3 |  4- 6 |  7- 9 | 10-12 || total
-------------------------+-------+-------+-------+-------++-------
Melee: Long sword        |    53 |       |       |       ||    53
       Headbutt          |     8 |    17 |    45 |    17 ||    87
       Flail             |    21 |    88 |   247 |    31 ||   387
       Club              |       |    23 |       |       ||    23
       Spear             |       |       |    15 |    45 ||    60
       Kick              |       |       |     1 |     5 ||     6
 Fire: Hunting sling     |       |       |    98 |    12 ||   110
Throw: Boomerang         |       |     2 |       |       ||     2
       Dart              |       |       |     8 |       ||     8
       Javelin           |       |       |     2 |       ||     2
       Stone             |       |       |     1 |       ||     1
 Cast: Beastly Appendage |       |       |     1 |     4 ||     5
       Blink             |       |       |       |     1 ||     1
Invok: Curse Item        |       |     1 |     1 |     1 ||     3
  Use: Potion            |       |       |    20 |     4 ||    24
       Scroll            |       |       |    18 |     3 ||    21
Armor: Scale mail        |    45 |    47 |     3 |       ||    95
       Ring mail         |       |       |   179 |    65 ||   244
       Skin              |       |       |     3 |       ||     3
Dodge: Dodged            |    46 |    43 |   175 |    73 ||   337
Block: Buckler           |    25 |    35 |   108 |    25 ||   193
